 Dungeon Crawl Stone Soup version 0.22-a0-417-g1387785 (webtiles) character file.

704 Borgoz the Ducker (level 7, -1/67 HPs)
             Began as a Deep Dwarf Berserker on May 14, 2018.
             Was a Priest of Trog.
             Slain by a gnoll
             ... wielding a +0 whip
              (5 damage)
             ... on level 5 of the Dungeon.
             The game lasted 00:06:08 (3295 turns).

Borgoz the Ducker (Deep Dwarf Berserker)            Turns: 3295, Time: 00:06:08

Health: -1/67      AC:  3    Str: 21    XL:     7   Next: 39%
Magic:  6/6        EV: 15    Int:  7    God:    Trog [***...]
Gold:   299        SH:  0    Dex: 14    Spells: 6/6 levels left

rFire    . . .     SeeInvis .   a - +0 hand axe
rCold    . . .     Gourm    .   (no shield)
rNeg     . . .     Faith    .   q - +0 leather armour (curse)
rPois    .         Spirit   .   (no helmet)
rElec    .         Reflect  .   (no cloak)
rCorr    .         Harm     .   (no gloves)
MR       +....                  (no boots)
Stlth    +.........             (no amulet)
HPRegen  0.00/turn              (no ring)
MPRegen  0.10/turn              (no ring)

@: berserk cooldown, non-regenerating, slowed, very slow
A: damage resistance, heal wounds, sense surroundings 1, no regeneration
a: Heal Wounds, Berserk, Trog's Hand, Renounce Religion


You were on level 5 of the Dungeon.
You worshipped Trog.
Trog was most pleased with you.
You were very hungry.

You visited 1 branch of the dungeon, and saw 5 of its levels.

You collected 299 gold pieces.

Inventory:

Hand Weapons
 a - a +0 hand axe (weapon)
 b - a +1 whip of electrocution
Armour
 l - a +0 chain mail
 q - a cursed +0 leather armour (worn)
 v - a +0 animal skin
Wands
 r - a wand of acid (12)
Scrolls
 d - 7 scrolls of teleportation {unknown}
 e - a scroll of enchant weapon {unknown}
 f - a scroll of fog {unknown}
 i - a scroll of remove curse {unknown}
 j - 5 scrolls of identify {unknown}
 m - a scroll of vulnerability {unknown}
 p - a scroll of magic mapping {unknown}
 s - a scroll of amnesia {unknown}
 w - a scroll of enchant armour {unknown}
Potions
 g - a potion of heal wounds {unknown}
 h - a potion of might {unknown}
 k - a potion of curing {unknown}
 n - a potion of agility {unknown}
 o - 2 potions of brilliance {unknown}
 t - a potion of resistance {unknown}
Comestibles
 c - 19 rations
 u - 3 chunks of flesh


   Skills:
 * Level 5.1 Fighting
 + Level 4.8 Axes
 + Level 4.0 Armour
 * Level 5.5 Dodging


You had 6 spell levels left.
You didn't know any spells.
Your spell library was empty.

Dungeon Overview and Level Annotations

Branches:
Dungeon (5/15)             Temple (0/1) D:4

Altars:
Ashenzari
Kikubaaqudgha
Nemelex Xobeh


Innate Abilities, Weirdness & Mutations

You are resistant to damage.
You can heal yourself by infusing magical energy.
You passively map a small area around you.
You do not regenerate.


Message History

You closely miss the gnoll.
The gnoll is heavily wounded.
You closely miss the gnoll.
The gnoll shouts!
You slash the jackal!
You kill the jackal!
Trog accepts your kill.
You hear a shout! x2
The gnoll misses you. The gnoll hits you with a whip!
* * * LOW HITPOINT WARNING * * *
The gnoll barely misses you.
A gnoll comes into view. It is wielding a flail.
You're too hungry.
Unknown command.
You're too hungry.
Eat one of 4 chunks of flesh? (ye/n/q)
You eat one of the 4 chunks of flesh.
This raw flesh tastes terrible.
You are feeling very hungry.
The gnoll hits you with a whip!
You die...

.##.#. .# ##.## #)##.#
## ...., #...###)##.# .#
..,
######.#.).#.##.########
..... .
.......)..(...).........
≈≈≈≈≈
≈≈≈≈....≈≈≈≈≈≈≈≈≈≈≈≈≈≈≈≈
≈≈≈≈≈
≈≈≈≈..).≈≈≈≈≈≈≈≈≈≈≈≈≈≈≈≈
#≈≈≈≈ ≈
≈≈≈≈..))≈≈≈≈≈≈≈≈≈≈≈≈####
#....
......†.............#ggg
#*###
####'''@#############%..
# ,, ,#..gg# #'## , , *
#....#* , g.#. , ,#....#
* #. * '* * #....#* **
#. , ,#g...#, #. *
'....g #. .'....', 8 #.
, *#.


You could see 4 gnolls.

Vanquished Creatures
  An ogre (D:4)
  A crimson imp (D:5)
  A bullfrog zombie (D:5)
  2 hounds (D:4)
  A centaur skeleton (D:4)
  An orc wizard (D:5)
  3 worker ants
  18 gnolls
  6 adders
  A shadow imp (D:5)
  An adder skeleton (D:5)
  A worm (D:2)
  6 dart slugs
  A leopard gecko (D:1)
  7 orcs
  A ball python (D:2)
  4 bats
  5 giant cockroaches
  7 goblins
  7 hobgoblins
  25 jackals
  A quokka (D:3)
  4 frilled lizards
  7 kobolds
  8 rats
120 creatures vanquished.

Notes
Turn   | Place    | Note
-------+----------+-------------------------------------------
     0 | D:1      | Borgoz the Deep Dwarf Berserker began the quest for the Orb.
     0 | D:1      | Reached XP level 1. HP: 20/20 MP: 1/1
   123 | D:1      | Reached XP level 2. HP: 16/27 MP: 2/2
   715 | D:1      | Reached ** piety under Trog
   715 | D:1      | Reached XP level 3. HP: 29/34 MP: 3/3
  1219 | D:2      | Found a shattered altar of Ashenzari.
  1226 | D:2      | Reached XP level 4. HP: 14/42 MP: 4/4
  1973 | D:3      | Found a faded altar of an unknown god.
  2087 | D:3      | Reached XP level 5. HP: 42/50 MP: 5/5
  2231 | D:3      | Reached *** piety under Trog
  2361 | D:4      | Noticed an ogre
  2371 | D:4      | Killed an ogre
  2371 | D:4      | Reached XP level 6. HP: 50/57 MP: 6/6
  2468 | D:4      | Found a sparkling altar of Nemelex Xobeh.
  2511 | D:4      | Found an ancient bone altar of Kikubaaqudgha.
  2527 | D:4      | Found a staircase to the Ecumenical Temple.
  2859 | D:5      | Entered Level 5 of the Dungeon
  2919 | D:5      | Reached skill level 5 in Dodging
  3052 | D:5      | Reached XP level 7. HP: 38/66 MP: 7/7
  3215 | D:5      | Reached skill level 5 in Fighting
  3275 | D:5      | HP: 2/67 [gnoll/spear (7)]
  3295 | D:5      | Slain by a gnoll

Vault maps used:
D:1:      dpeg_arrival_prison
D:2:      ashenzari_altar_1, grunt_ministairs_6
D:3:      chequers_ecumenical_altar_island, first_ration
D:4:      nemelex_altar_shiori, kennysheep_little_box,
          minmay_temple_entry_enclosed_plants, kennysheep_generic_room_10
D:5:      lemuel_castle_with_subvaults, nicolae_ru_the_path_less_chosen

Skill      XL: |  1  2  3  4  5  6  7 |
---------------+----------------------+-----
Fighting       | 3 4 5 |  5.1
Dodging        | 3 4 5 |  5.5
Armour         | 3 4 |  4.0
Axes           | 4 |  4.8

Action                   |  1- 3 |  4- 6 |  7- 9 || total
-------------------------+-------+-------+-------++-------
Melee: Hand axe          |    97 |   232 |   113 ||   442
Invok: Berserk           |     1 |     2 |     2 ||     5
       Trog's Hand       |       |     7 |     2 ||     9
 Abil: Heal Wounds       |     1 |     2 |     2 ||     5
 Stab: Sleeping          |     1 |       |       ||     1
  Eat: Chunk             |     1 |    12 |     2 ||    15
Armor: Animal skin       |    26 |       |       ||    26
       Chain mail        |     9 |    86 |       ||    95
       Leather armour    |       |    17 |    22 ||    39
Dodge: Dodged            |    77 |   170 |   119 ||   366

Table legend:
 A = Spawn XP
 B = Non-spawn XP
 C = Spawn XP percentage of total XP
 D = Spawn monster count
 E = Non-spawn monster count
 F = Spawn count percentage of total count
 G = Total turns spent on level
                    A         B        C        D         E        F      G
               +---------+---------+-------+---------+---------+-------+---------
         Total |       0 |    1007 |   0.0 |       0 |     120 |   0.0 |  3295
               +---------+---------+-------+---------+---------+-------+---------
           D:1 |       0 |      47 |   0.0 |       0 |      24 |   0.0 |  1084
           D:2 |       0 |     110 |   0.0 |       0 |      21 |   0.0 |   856
           D:3 |       0 |     100 |   0.0 |       0 |      26 |   0.0 |   421
           D:4 |       0 |     333 |   0.0 |       0 |      12 |   0.0 |   498
           D:5 |       0 |     417 |   0.0 |       0 |      37 |   0.0 |   436
               +---------+---------+-------+---------+---------+-------+---------
